 Dungeon Crawl Stone Soup version 0.20-a0-1017-gc3250ce (webtiles) character file.

129 MatthieuS the Skirmisher (level 4, -9/49 HPs)
             Began as a Troll Monk on Apr 16, 2017.
             Mangled by Sigmund
             ... wielding a +0 scythe
              (12 damage)
             ... on level 3 of the Dungeon.
             The game lasted 00:05:31 (1920 turns).

MatthieuS the Skirmisher (Troll Monk)               Turns: 1920, Time: 00:05:32

Health: -9/49      AC:  2    Str: 24    XL:     4   Next: 88%
Magic:  3/3        EV: 11    Int:  6    God:
Gold:   131        SH:  0    Dex: 13    Spells: 3/3 levels left

rFire    . . .     SeeInvis .   (no weapon)
rCold    + + .     Gourm    +   (no shield)
rNeg     . . .     Faith    .   a - +0 robe
rPois    .         Spirit   .   (helmet restricted)
rElec    .         Reflect  .   g - scarf {rC+ rF+}
rCorr    .         Harm     .   (gloves unavailable)
MR       .....                  (boots unavailable)
Stlth    ++........             (no amulet)
Regen    0.6/turn               h - ring of ice
MPRegen  0.1/turn               m - -3 ring of protection (curse)

@: mighty
A: unfitting armour, claws 3, fast metabolism 3, gourmand, regeneration 1,
shaggy fur 1, tough skin 2
a: no special abilities


You were on level 3 of the Dungeon.
You were very full.

You visited 1 branch of the dungeon, and saw 3 of its levels.

You collected 131 gold pieces.

Inventory:

Armour
 a - a +0 robe (worn)
 g - a scarf of resistance (worn)
Jewellery
 h - a ring of ice (left claw)
 m - a cursed -3 ring of protection (right claw)
Scrolls
 d - 4 scrolls of identify
 i - 5 scrolls of recharging
Potions
 j - a potion of haste {unknown}
 k - 2 potions of invisibility {unknown}
 o - a potion of agility {unknown}
 p - 2 potions of brilliance {unknown}
Comestibles
 b - 3 bread rations
 l - 2 meat rations
 n - 2 royal jellies


   Skills:
 * Level 4.7 Fighting
 - Level 0.7 Armour
 + Level 3.6 Dodging
 - Level 2.1 Stealth


You had 3 spell levels left.
You didn't know any spells.

Dungeon Overview and Level Annotations

Branches:
Dungeon (3/15)

Altars:
Cheibriados

Annotations:
D:3 Sigmund


Innate Abilities, Weirdness & Mutations

You are too large for most types of armour.
You have claws for hands.
Your metabolism is lightning-fast.
You like to eat raw meat.
Your natural rate of healing is unusually fast.
You are covered in fur. (AC +1)
You have very tough skin. (AC +2)


Message History

* * * LOW HITPOINT WARNING * * *
You miss something. Something hits you.
* * * LOW HITPOINT WARNING * * *
You miss something. You barely miss something. Something hits you.
* * * LOW HITPOINT WARNING * * *
It was a potion of curing.
You feel better.
You hear some strange, mumbled words.
A puff of flame appears from out of thin air!
The puff of flame hits you!
* * * LOW HITPOINT WARNING * * *
It was a potion of might.
You feel very mighty all of a sudden. Something hits you.
* * * LOW HITPOINT WARNING * * *
You feel better.
You scratch something. Something hits you!
* * * LOW HITPOINT WARNING * * *
You claw something! Something hits you!
You die...

#.............
#.............
#.............
#............
###........#
###........#
#..........#
####)#####....#
#.{@.# .##>.
#.##.# # # ##.#
#.# ... ... .##
.#


There were no monsters in sight!

Vanquished Creatures
  6 adders
  An ooze (D:1)
  A worm (D:3)
  8 bats
  2 giant cockroaches
  9 goblins
  7 hobgoblins
  8 jackals
  3 kobolds (D:1)
  2 quokkas (D:2)
  A ball python (D:2)
  8 frilled lizards
  A quokka skeleton (D:3)
  14 rats (D:1)
71 creatures vanquished.

Notes
Turn   | Place    | Note
-------+----------+-------------------------------------------
     0 | D:1      | MatthieuS the Troll Monk began the quest for the Orb.
     0 | D:1      | Reached XP level 1. HP: 23/23 MP: 0/0
    48 | D:1      | Reached XP level 2. HP: 29/31 MP: 1/1
   416 | D:1      | Reached XP level 3. HP: 33/39 MP: 2/2
   636 | D:2      | Reached skill level 4 in Fighting
  1139 | D:2      | Reached XP level 4. HP: 29/48 MP: 3/3
  1513 | D:3      | Found a snail-covered altar of Cheibriados.
  1901 | D:3      | Noticed Sigmund
  1920 | D:3      | Mangled by Sigmund

Vault maps used:
D:1:      erik_arrival_orb_chamber
D:3:      nicolae_overflow_crystal_walls, hex_intersection, uniq_sigmund,
          uniq_grinder, uniq_terence

Skill      XL: |  1  2  3 |
---------------+----------+-----
Fighting       | 4 |  4.7
Armour         | |  0.7
Dodging        | |  3.6
Stealth        | |  2.1

Action                   |  1- 3 |  4- 6 || total
-------------------------+-------+-------++-------
Melee: Unarmed           |   143 |   108 ||   251
  Use: Scroll            |     4 |       ||     4
       Potion            |       |     3 ||     3
 Stab: Sleeping          |     5 |     3 ||     8
  Eat: Chunk             |    16 |     7 ||    23
Armor: Robe              |    48 |    25 ||    73
Dodge: Dodged            |    96 |    68 ||   164
